Map: Ephemeron LE

Players

Lobo - Winner!

  • Race: Protoss Protoss
  • Spawn Location: 11:00

DarK

  • Race: Zerg Zerg
  • League: Master
  • Spawn Location: 5:00

Event: NationWars 2019

VOD

Have the link to the VOD?

Description

Time

  • Played on: Oct. 1, 2019, 11:27 a.m.
  • Length: 14:27
Show
View Real Time Build Order
Export as new Build Order

Lobo Protoss - Winner!

Build Orders: 1 Gate Expand 

Get SALT Encoding   

  12  0:00  Probe  
  13  0:13  Probe  
  14  0:20  Pylon  
  14  0:25  Probe  
  15  0:38  Probe (Chrono Boost)  
  16  0:44  Gateway  
  16  0:47  Probe (Chrono Boost), Assimilator  
  17  0:52  Probe (Chrono Boost)  
  18  1:04  Probe  
  19  1:16  Probe  
  20  1:24  Nexus  
  20  1:33  Cybernetics Core  
  20  1:36  Probe  
  21  1:42  Assimilator  
  21  1:49  Probe  
  21  1:52  Pylon  
  22  2:01  Probe  
  23  2:07  Adept (Chrono Boost)  
  23  2:11  Warp Gate  
  23  2:13  Probe  
  26  2:21  Robotics Facility  
  26  2:25  Probe  
  26  2:27  Adept (Chrono Boost)  
  27  2:37  Probe x2  
  31  2:49  Probe x2  
  31  2:50  Stalker (Chrono Boost)  
  35  3:08  Probe x2  
  35  3:09  Warp Prism  
  39  3:14  Sentry (Chrono Boost)  
  39  3:19  Twilight Council  
  41  3:26  Probe x2  
  42  3:43  Immortal (Chrono Boost)  
  42  3:46  Gateway  
  44  3:51  Gateway  
  44  3:56  Charge (Chrono Boost)  
  44  4:04  Zealot  
  44  4:08  Pylon  
  46  4:10  Gateway  
  45  4:24  Immortal (Chrono Boost)  
  45  4:27  Gateway  
  49  4:32  Gateway  
  49  4:37  Gateway  
  49  4:45  Zealot x2  
  52  5:01  Zealot  
  52  5:03  Pylon  
  52  5:05  Pylon  
  54  5:07  Pylon  
  54  5:09  Pylon  
  54  5:10  Pylon  
  54  5:24  Zealot  
  54  5:25  Zealot x4  
  64  5:41  Zealot x2  
  62  5:45  Zealot x4  
  70  6:02  Zealot x3  
  74  6:06  Zealot x2  
  70  6:12  Zealot x2  
Show
View Real Time Build Order
Export as new Build Order

DarK Zerg 

Build Orders: Hatch First 

Get SALT Encoding   

  12  0:02  Drone  
  13  0:12  Overlord  
  13  0:17  Drone  
  14  0:30  Drone x2  
  14  0:34  Drone  
  17  0:52  Hatchery  
  17  0:55  Drone  
  17  0:56  Extractor  
  16  1:11  Spawning Pool  
  15  1:13  Drone  
  15  1:17  Drone  
  17  1:20  Drone  
  18  1:30  Drone  
  19  1:40  Overlord  
  19  1:58  Metabolic Boost, Queen  
  19  2:00  Zergling x4  
  23  2:04  Zergling x2  
  24  2:17  Zergling x2  
  24  2:18  Zergling x2  
  24  2:22  Queen  
  28  2:33  Hatchery  
  27  2:47  Drone x4  
  31  2:55  Overlord  
  30  3:08  Zergling x6  
  30  3:09  Zergling x4  
  35  3:23  Overlord  
  35  3:27  Drone x4  
  37  3:34  Drone  
  37  3:35  Drone x3  
  37  3:36  Drone  
  40  3:47  Drone x5  
  44  3:49  Drone  
  44  3:54  Lair  
  44  3:58  Extractor  
  44  3:59  Extractor  
  42  4:03  Drone x3  
  42  4:09  Roach Warren  
  44  4:18  Overlord  
  44  4:20  Overlord  
  43  4:28  Queen  
  45  4:31  Drone  
  45  4:32  Drone x7  
  52  4:49  Roach x4  
  52  4:50  Roach x2  
  52  4:51  Roach  
  66  4:56  Roach  
  67  5:03  Glial Reconstitution  
  67  5:09  Extractor  
  67  5:12  Zergling x4, Roach x3  
  74  5:18  Overlord x2  
  74  5:19  Overlord  
  74  5:21  Spine Crawler  
  71  5:39  Zergling x8, Roach x6  
  71  5:42  Roach  
  79  5:43  Zergling x2  
  79  5:46  Roach  
  79  5:48  Zergling x2  
  61  6:05  Roach x2  
  61  6:06  Roach  
  53  6:11  Roach  
  53  6:15  Roach  
Tags
 
Add a new tag
Caveats
  • Supply blocks, unpowered buildings, or Contaminate may cause inaccurate times.
  • Supply counts are checked every 10 seconds.